 Dungeon Sprint DCSS version 0.17.2-1-ge4368a0 (webtiles) character file.

20024 hexophile the Warrior (level 12, -6/139 HPs)
             Began as a Ghoul Fighter on Oct 15, 2016.
             Was the Champion of Makhleb.
             Mangled by a death yak (16 damage)
             ... summoned by a spriggan berserker
             ... in the Dungeon (Sprint V: "Ziggurat Sprint").
             The game lasted 00:04:36 (517 turns).

hexophile the Warrior (Ghoul Fighter)                Turns: 517, Time: 00:04:36

Health: -6/139     AC: 25    Str: 40    XL:     12   Next: 75%
Magic:  21/21      EV:  1    Int:  3    God:    Makhleb [******]
Gold:   0          SH: 32    Dex:  8    Spells: 0 memorised, 11 levels left

rFire  + . .     SeeInvis +     K - +14 obsidian axe {chop, +Fly Str+3 SInv *Curse} (curse)
rCold  + + .     Clarity  .     E - +5 gold dragon armour {rC+ rF+ rPois}
rNeg   + + +     SustAt   .     J - +18 shield of the gong {rElec rN+ MR+ EV-5}
rPois  ∞         Gourm    .     (no helmet)
rElec  +         Spirit   .     b - +1 cloak {MR+} {MR+}
rCorr  .         Warding  .     (no gloves)
rMut   .         NoTele   +     (no boots)
MR     ++...                    r - amulet of Vitality {Regen+ HP+15}
Stlth  ..........               D - +6 ring of strength
                                C - +6 ring of strength

@: grasped by roots, mesmerised, rotting, very slow, very resistant to hostile
enchantments, extremely unstealthy
A: rotting body, claws 1, carnivore 3, cold resistance 1, negative energy
resistance 3, slow regeneration 1, torment resistance, unbreathing
a: Minor Destruction, Lesser Servant of Makhleb, Major Destruction, Greater
Servant of Makhleb, Renounce Religion, Evoke Flight


You were in the Dungeon.
You worshipped Makhleb.
Makhleb was exalted by your worship.
You were not hungry.

You visited 1 branch


Innate Abilities, Weirdness & Mutations

Your body is rotting away.
You thrive on raw meat.
You are immune to poison.
You have sharp fingernails.
You are carnivorous and can eat meat at any time.
Your flesh is cold resistant.
You are immune to negative energy.
You regenerate slowly when monsters are visible.
You are immune to unholy pain and torment.
You can survive without breathing.

Inventory:

Hand Weapons
 K - the cursed +14 obsidian axe (weapon) {chop, +Fly Str+3 SInv *Curse}
   (You found it in the Dungeon)

   It inflicts extra damage upon your enemies.
   It affects your strength (+3).
   It lets you see invisible.
   It lets you fly.
   It may re-curse itself when equipped.
   It has a curse placed upon it.
Armour
 b - a +1 cloak of magic resistance (worn) {MR+}
 E - a +5 gold dragon armour (worn) {rC+ rF+ rPois}
 J - the +18 shield of the gong (worn) {rElec rN+ MR+ EV-5}
   (You found it in the Dungeon)

   It affects your evasion (-5).
   It insulates you from electricity.
   It protects you from negative energy.
   It affects your resistance to hostile enchantments.
Jewellery
 o - the ring of Veokit {*Confuse rF+ MR++ Int+6}
   (You found it in the Dungeon)

   [ring of protection from fire]

   It affects your intelligence (+6).
   It protects you from fire.
   It affects your resistance to hostile enchantments.
   It may confuse you when you take damage.
 r - the amulet of Vitality (around neck) {Regen+ HP+15}
   (You found it in the Dungeon)

   [amulet of regeneration]

   It affects your health (+15).
   It increases your rate of regeneration.
 C - a +6 ring of strength (left claw)
 D - a +6 ring of strength (right claw)
Wands
 c - a wand of disintegration (7)
 y - a wand of fire (5)
 z - a wand of cold (5)
 A - a wand of draining (5)
Scrolls
 a - 4 scrolls of enchant weapon
 k - 4 scrolls of blinking
 q - 3 scrolls of recharging
 s - 5 scrolls of identify
 t - 5 scrolls of remove curse
 u - 2 scrolls of fear
 w - 7 scrolls of fog
Potions
 d - 6 potions of might {Str+5 DMG+1d10}
 g - 8 potions of heal wounds
 h - 8 potions of haste
 i - 7 potions of magic
 l - 2 potions of brilliance {Archmagi Int+5 Wiz++}
 m - 2 potions of invisibility
 n - 4 potions of resistance {rF+ rC+ rPois rElec rCorr}
 p - 6 potions of agility {Stlth+ Dex+5 EV+5}
 x - 10 potions of curing
Miscellaneous
 f - a fan of gales
 j - a box of beasts
 v - a disc of storms
 B - a lamp of fire
Comestibles
 e - 5 meat rations


You had 11 spell levels left.
You didn't know any spells.


   Skills:
 * Level 16.9 Fighting
 * Level 15.6 Axes
 + Level 10.7 Armour
 + Level 10.8 Shields
 * Level 14.4 Evocations

Dungeon Overview and Level Annotations

Branches:
Dungeon (1/1)

Altars:
Ashenzari
Cheibriados
Dithmenos
Elyvilon
Fedhas
Gozag
Kikubaaqudgha
Makhleb
Nemelex Xobeh
Okawaru
Qazlal
Ru
Sif Muna
Trog
Vehumet
Xom
Yredelemnul
Zin
The Shining One
Beogh
Jiyva
Lugonu

Vault maps used:
D:        sprint_v
You       could see a thorn hunter, 3 shambling mangroves, a death yak
          (berserk), a soul eater, a spriggan berserker (berserk), 2 dryads, a
          faun, 2 spriggan air magi, a polar bear (berserk) and a spriggan
          druid.


Message History

You lost 31 HP.
You have now: 10/139 HP.
You barely miss the spriggan air mage.
The spriggan air mage is almost dead.
You slice the death yak!!
The death yak is moderately wounded.
Your shield and gold dragon armour prevent you from hitting the soul eater.
The soul eater is severely wounded.
You miss the dryad.
The dryad is moderately wounded.
The polar bear rages.
The thorn hunter hits the briar patch!!
The briar patch is destroyed!
You block the death yak's attack.
PANG!
The dryad hits you but does no damage. You block the soul eater's attack.
GONNNNG!
Unknown command.
Unknown command.
Unknown command.
Unknown command.
Drink which item? (? for menu, Esc to quit)
You feel much better.
Visions of slaying the dryad flood into your mind.
You block the death yak's attack.
GONNNNG!
The spriggan air mage waves its arms in wide circles.
The air twists around and strikes you!
* * * LOW HITPOINT WARNING * * *
You block the dryad's attack.
GONNNNG!
You block the polar bear's attack.
PTOANNNG!
The polar bear claws you but does no damage. x2
The soul eater hits you but does no damage.
The death yak gores you but does no damage.
You lost 7 HP.
You have now: 3/139 HP.
Unknown command.
Drink which item? (? for menu, Esc to quit)
You feel much better.
The briar patch crumbles away.
The thorn hunter hits the briar patch!
The thorn hunter hits the briar patch.
The spriggan air mage waves its arms in wide circles.
The air twists around and strikes you!
* * * LOW HITPOINT WARNING * * *
You block the polar bear's attack.
GONNNNG!
The polar bear claws you but does no damage.
You block the polar bear's attack.
PTOANNNG!
The death yak gores you!
You die...

Action                   |  1- 3 |  4- 6 |  7- 9 | 10-12 || total
-------------------------+-------+-------+-------+-------++-------
Melee: Broad axe         |     2 |    11 |    32 |    50 ||    95
  Use: Potion            |     1 |       |       |     2 ||     3
       Scroll            |       |       |     1 |       ||     1

Notes
Turn   | Place    | Note
--------------------------------------------------------------
     0 | D        | hexophile the Ghoul Fighter began the quest for the Orb.
     0 | D        | Reached XP level 1. HP: 19/19 MP: 0/0
     0 | D        | Found a roughly hewn altar of Beogh.
     0 | D        | Found a viscous altar of Jiyva.
     0 | D        | Found a corrupted altar of Lugonu.
     0 | D        | Found a white marble altar of Elyvilon.
     0 | D        | Found a sparkling altar of Nemelex Xobeh.
     1 | D        | Found a burning altar of Makhleb.
     1 | D        | Found an iron altar of Okawaru.
     1 | D        | Found a deep blue altar of Sif Muna.
     1 | D        | Found a radiant altar of Vehumet.
     1 | D        | Found a bloodstained altar of Trog.
     1 | D        | Found a shimmering altar of Xom.
    79 | D        | Became a worshipper of Makhleb the Destroyer
    83 | D        | Reached skill level 7 in Axes
    83 | D        | Reached XP level 2. HP: 26/26 MP: 1/1
    88 | D        | Entered arena 1.
    88 | D        | Noticed a naga
    91 | D        | Killed a naga
    91 | D        | Reached * piety under Makhleb
    91 | D        | Reached skill level 5 in Fighting
    91 | D        | Reached skill level 8 in Axes
    91 | D        | Reached skill level 3 in Armour
    91 | D        | Reached skill level 3 in Shields
    91 | D        | Reached skill level 3 in Evocations
    91 | D        | Reached XP level 3. HP: 32/36 MP: 1/4
    91 | D        | Reached XP level 4. HP: 37/42 MP: 1/5
    91 | D        | Reached XP level 5. HP: 42/48 MP: 1/6
    98 | D        | Entered arena 2.
    98 | D        | Noticed a water moccasin
   101 | D        | Killed a water moccasin
   101 | D        | Reached skill level 6 in Fighting
   101 | D        | Reached skill level 4 in Armour
   101 | D        | Reached skill level 4 in Shields
   101 | D        | Reached skill level 4 in Evocations
   101 | D        | Reached XP level 6. HP: 48/58 MP: 2/8
   102 | D        | Reached ** piety under Makhleb
   113 | D        | Entered arena 3.
   113 | D        | Noticed a jelly
   113 | D        | Noticed a jelly
   114 | D        | Paralysed by a giant eyeball for 2 turns
   117 | D        | Killed a jelly
   117 | D        | Reached skill level 7 in Fighting
   120 | D        | Killed a jelly
   120 | D        | Reached *** piety under Makhleb
   120 | D        | Reached skill level 5 in Evocations
   123 | D        | Identified the Reference Book on Orientation and Heat
   201 | D        | Entered arena 4.
   201 | D        | Noticed a quasit
   201 | D        | Noticed a crimson imp
   201 | D        | Noticed a quasit
   204 | D        | Killed a quasit
   204 | D        | Reached **** piety under Makhleb
   204 | D        | Reached skill level 9 in Axes
   206 | D        | Killed a quasit
   206 | D        | Killed a crimson imp
   206 | D        | Reached skill level 5 in Shields
   206 | D        | Reached XP level 7. HP: 67/67 MP: 8/10
   211 | D        | Entered arena 5.
   211 | D        | Noticed a scorpion
   211 | D        | Noticed a scorpion
   211 | D        | Noticed a scorpion
   211 | D        | Noticed a scorpion
   211 | D        | Noticed a scorpion
   214 | D        | Killed a scorpion
   214 | D        | Reached skill level 8 in Fighting
   215 | D        | Killed a scorpion
   215 | D        | Reached ***** piety under Makhleb
   215 | D        | Reached skill level 5 in Armour
   215 | D        | Reached skill level 6 in Evocations
   215 | D        | Killed a scorpion
   216 | D        | Killed a scorpion
   219 | D        | Killed a scorpion
   225 | D        | Entered arena 6.
   225 | D        | Noticed a hippogriff
   225 | D        | Noticed a centaur
   225 | D        | Noticed a centaur
   225 | D        | Noticed a cyclops
   225 | D        | Noticed a centaur
   225 | D        | Noticed a merfolk
   231 | D        | Killed a centaur
   231 | D        | Reached skill level 9 in Fighting
   232 | D        | Killed a hippogriff
   232 | D        | Reached skill level 10 in Axes
   232 | D        | Reached skill level 7 in Evocations
   232 | D        | Reached XP level 8. HP: 59/78 MP: 10/12
   233 | D        | Killed a cyclops
   233 | D        | Reached skill level 10 in Fighting
   233 | D        | Reached skill level 6 in Armour
   233 | D        | Reached skill level 6 in Shields
   233 | D        | Killed a centaur
   237 | D        | Killed a merfolk
   237 | D        | Reached ****** piety under Makhleb
   237 | D        | Reached skill level 8 in Evocations
   238 | D        | Killed a centaur
   244 | D        | Got the +5 ring mail of Leofoes {Dex+3 Slay+3}
   264 | D        | Entered arena 7.
   264 | D        | Noticed a black mamba
   264 | D        | Noticed a black mamba
   264 | D        | Noticed a naga
   264 | D        | Noticed a naga
   267 | D        | Killed a black mamba
   267 | D        | Reached skill level 11 in Axes
   267 | D        | Reached XP level 9. HP: 76/86 MP: 14/14
   269 | D        | Killed a black mamba
   269 | D        | Reached skill level 11 in Fighting
   269 | D        | Reached skill level 9 in Evocations
   271 | D        | Killed a naga
   271 | D        | Killed a naga
   271 | D        | Reached skill level 7 in Armour
   271 | D        | Reached skill level 7 in Shields
   279 | D        | Entered arena 8.
   279 | D        | Noticed a slime creature
   279 | D        | Noticed a slime creature
   279 | D        | Noticed an eye of draining
   279 | D        | Noticed an eye of devastation
   279 | D        | Noticed a jelly
   286 | D        | Killed a slime creature
   286 | D        | Killed an eye of devastation
   286 | D        | Killed a jelly
   286 | D        | Reached skill level 12 in Fighting
   288 | D        | Killed a slime creature
   290 | D        | Killed an eye of draining
   290 | D        | Reached skill level 10 in Evocations
   303 | D        | Got a faintly glowing buckler
   305 | D        | Entered arena 9.
   305 | D        | Noticed a fire drake
   305 | D        | Noticed a fire elemental
   305 | D        | Noticed a hell hound
   305 | D        | Noticed a hell hog
   305 | D        | Noticed a hell hog
   305 | D        | Noticed an efreet
   305 | D        | Noticed an efreet
   310 | D        | Killed a hell hog
   310 | D        | Reached skill level 12 in Axes
   310 | D        | Reached XP level 10. HP: 80/99 MP: 11/16
   311 | D        | Killed a hell hog
   311 | D        | Killed a hell hound
   311 | D        | Reached skill level 8 in Shields
   312 | D        | Killed a fire drake
   313 | D        | Killed an efreet
   313 | D        | Reached skill level 13 in Fighting
   313 | D        | Reached skill level 8 in Armour
   313 | D        | Killed an efreet
   313 | D        | Reached skill level 11 in Evocations
   317 | D        | Killed a fire elemental
   322 | D        | Entered arena 10.
   322 | D        | Noticed a death scarab
   322 | D        | Noticed an anubis guard
   322 | D        | Noticed a flying skull
   322 | D        | Noticed a guardian mummy
   322 | D        | Noticed an ancient lich
   322 | D        | Noticed a guardian mummy
   322 | D        | Noticed a mummy priest
   329 | D        | Killed a death scarab
   331 | D        | Killed a flying skull
   331 | D        | Reached skill level 13 in Axes
   332 | D        | Killed a mummy priest
   332 | D        | Reached XP level 11. HP: 69/108 MP: 15/18
   334 | D        | Killed a guardian mummy
   335 | D        | Killed an ancient lich
   335 | D        | Reached skill level 15 in Fighting
   335 | D        | Reached skill level 14 in Axes
   335 | D        | Reached skill level 9 in Armour
   335 | D        | Reached skill level 10 in Shields
   335 | D        | Reached skill level 13 in Evocations
   335 | D        | Reached XP level 12. HP: 115/122 MP: 15/20
   335 | D        | Killed an anubis guard
   335 | D        | Reached skill level 10 in Armour
   336 | D        | Killed a guardian mummy
   341 | D        | Got the ring of Veokit {*Confuse rF+ MR++ Int+6}
   369 | D        | Entered arena 11.
   369 | D        | Noticed a brown ugly thing
   369 | D        | Noticed a white ugly thing
   369 | D        | Noticed a green very ugly thing
   369 | D        | Noticed a neqoxec
   369 | D        | Noticed a death drake
   369 | D        | a death drake changed into an elephant
   370 | D        | Noticed a blink frog
   370 | D        | Noticed a red ugly thing
   370 | D        | Noticed a neqoxec
   370 | D        | Noticed a neqoxec
   370 | D        | Noticed a torpor snail
   374 | D        | Killed a cyan ugly thing
   375 | D        | Killed a white ugly thing
   375 | D        | Reached skill level 16 in Fighting
   375 | D        | Killed a neqoxec
   375 | D        | Killed a blink frog
   375 | D        | Reached skill level 15 in Axes
   376 | D        | Killed a brown ugly thing
   376 | D        | a torpor snail changed into a boulder beetle
   377 | D        | Killed a neqoxec
   380 | D        | Killed a red very ugly thing
   382 | D        | Killed a neqoxec
   391 | D        | Got the +0 helmet of Weopeof {rPois rF- rN+ MP+9}
   398 | D        | Entered arena 12.
   398 | D        | Noticed a tormentor
   398 | D        | Noticed a reaper
   398 | D        | Noticed a shadow
   398 | D        | Noticed an iron imp
   399 | D        | Noticed a rust devil
   399 | D        | Noticed a wraith
   399 | D        | Noticed a hellion
   399 | D        | Noticed an iron imp
   404 | D        | Killed a shadow
   404 | D        | Reached skill level 14 in Evocations
   406 | D        | Killed a rust devil
   408 | D        | Killed a wraith
   409 | D        | Killed a hellion
   410 | D        | Killed a tormentor
   410 | D        | Killed an iron imp
   412 | D        | Killed an iron imp
   417 | D        | Killed a reaper
   505 | D        | Entered arena 13.
   506 | D        | Noticed a spriggan air mage
   506 | D        | Noticed a thorn hunter
   506 | D        | Noticed a shambling mangrove
   506 | D        | Noticed a dryad
   506 | D        | Noticed a faun
   507 | D        | Noticed a spriggan druid
   507 | D        | Noticed a shambling mangrove
   507 | D        | Noticed a shambling mangrove
   507 | D        | Noticed a spriggan defender
   507 | D        | Noticed a spriggan air mage
   507 | D        | Noticed a spriggan berserker
   507 | D        | Noticed a dryad
   510 | D        | Noticed a death yak
   511 | D        | Killed a spriggan defender
   516 | D        | HP: 3/139 [spriggan air mage/the air (22)]
   517 | D        | Mangled by a death yak

Table legend:
 A = Turns spent in this place as a percentage of turns spent in the entire game.
 B = Non-inter-level travel turns spent in this place as a percentage of non-inter-level travel turns spent in the entire game.
 C = Inter-level travel turns spent in this place as a percentage of turns spent in this place.
 D = Turns resting spent in this place as a percentage of non-inter-level travel turns spent in this place.
 E = Turns spent auto-exploring this place as a percentage of non-inter-level travel turns spent in this place.
 F = Non-inter-level travel turns spent in this place divided by the number of levels of this place that you've seen.
                   A       B       C       D       E      F
               +-------+-------+-------+-------+-------+----------------------
         Total | 100.0 | 100.0 |   0.0 |   1.6 |   0.0 | 440.0
       Dungeon | 100.0 | 100.0 |   0.0 |   1.6 |   0.0 | 440.0
               +-------+-------+-------+-------+-------+----------------------

Table legend:
 A = Kills in this place as a percentage of kills in entire the game.
 B = Kills by you in this place as a percentage of kills by you in the entire game.
 C = Kills by friends in this place as a percentage of kills by friends in the entire game.
 D = Other kills in this place as a percentage of other kills in the entire game.
 E = Experience gained in this place as a percentage of experience gained in the entire game.
 F = Experience gained in this place divided by the number of levels of this place that you have seen.
                   A       B       C       D       E      F
               +-------+-------+-------+-------+-------+----------------------
         Total | 100.0 | 100.0 | 100.0 |  -nan | 100.0 | 28596.0
       Dungeon | 100.0 | 100.0 | 100.0 |  -nan | 100.0 | 28596.0
               +-------+-------+-------+-------+-------+----------------------

Vanquished Creatures
  An ancient lich (D)
  A spriggan defender (D)
  A very ugly thing (D)
  A mummy priest (D)
  2 hell hogs (D)
  An anubis guard (D)
  2 ugly things (D)
  A mana viper (shapeshifter) (D)
  A cyclops (D)
  2 black mambas (D)
  An eye of devastation (D)
  2 efreet (D)
  A rust devil (D)
  A hellion (D)
  A fire drake (D)
  2 guardian mummies (D)
  A merfolk (D)
  A tormentor (D)
  2 slime creatures (D)
  A flying skull (D)
  A redback (shapeshifter) (D)
  A shadow (D)
  A hippogriff (D)
  3 nagas (D)
  2 neqoxecs (D)
  A fire elemental (D)
  A water moccasin (D)
  An eye of draining (D)
  A hell hound (D)
  A centaur (D)
  5 scorpions (D)
  A crimson imp (D)
  2 quasits (D)
  3 jellies (D)
  An iron imp (D)
  2 mummies (D)
  2 adders (D)
  A shadow imp (D)
  A giant eyeball (D)
  3 oozes (D)
  An adder zombie (D)
  3 ball pythons (D)
64 creatures vanquished.

Vanquished Creatures (collateral kills)
  A reaper (D)
  A death scarab (D)
  An ugly thing (D)
  A blink frog (shapeshifter) (D)
  A wraith (D)
  A neqoxec (D)
  2 centaurs (D)
  An iron imp (D)
  2 briar patches (D)
11 creatures vanquished.

Vanquished Creatures (others)
  2 bat zombies (D)
  5 briar patches (D)
  A fire vortex (D)
8 creatures vanquished.

Grand Total: 83 creatures vanquished
